 Dungeon Crawl Stone Soup version 0.20-a0-531-g6a4a307 (webtiles) character file.

107 Karnivor the Chucker (level 4, -1/42 HPs)
             Began as a Troll Hunter on Jan 27, 2017.
             Killed from afar by an orc wizard (5 damage)
             ... with a magic dart
             ... on level 2 of the Dungeon.
             The game lasted 00:06:39 (1666 turns).

Karnivor the Chucker (Troll Hunter)                 Turns: 1666, Time: 00:06:40

Health: -1/42      AC:  5    Str: 21    XL:     4   Next: 56%
Magic:  1/1        EV: 10    Int:  7    God:
Gold:   60         SH:  0    Dex: 10    Spells: 3/3 levels left

rFire    . . .     SeeInvis .   d - +2 spear (antimagic)
rCold    . . .     Gourm    +   b - +0 robe
rNeg     . . .     Faith    .   (no shield)
rPois    .         Spirit   .   (helmet restricted)
rElec    .         Reflect  .   (no cloak)
rCorr    .         Harm     .   (gloves unavailable)
MR       .....                  (boots unavailable)
Stlth    +.........             (no amulet)
Regen    0.6/turn               (no ring)
                                (no ring)

@: no status effects
A: unfitting armour, claws 3, fast metabolism 3, gourmand, regeneration 1,
shaggy fur 1, tough skin 2
a: no special abilities


You were on level 2 of the Dungeon.
You were very full.

You visited 1 branch of the dungeon, and saw 3 of its levels.

You collected 60 gold pieces.

Inventory:

Hand Weapons
 d - a +2 antimagic spear (weapon)
Missiles
 c - 5 large rocks (quivered)
Armour
 b - a +0 robe (worn)
Scrolls
 e - a scroll of fear
Potions
 j - a potion of haste {unknown}
 k - a potion of magic
 l - a potion of brilliance {unknown}
 n - a potion of agility
Comestibles
 a - 2 fruits
 f - 2 bread rations
 g - a meat ration


   Skills:
 * Level 2.2 Fighting
 + Level 3.9 Throwing
 + Level 1.0 Armour
 + Level 2.1 Dodging
 - Level 0.3 Stealth
 * Level 2.4 Unarmed Combat


You had 3 spell levels left.
You didn't know any spells.

Dungeon Overview and Level Annotations

Branches:
Dungeon (3/15)

Altars:
Dithmenos


Innate Abilities, Weirdness & Mutations

You are too large for most types of armour.
You have claws for hands.
Your metabolism is lightning-fast.
You like to eat raw meat.
Your natural rate of healing is unusually fast.
You are covered in fur. (AC +1)
You have very tough skin. (AC +2)


Message History

You completely miss something. Something hits you but does no damage.
You barely miss something.
You hear some strange, mumbled words.
You are confused.
You miss something. Something hits you.
* * * LOW HITPOINT WARNING * * *
You miss something. Something hits you but does no damage.
You hear some strange, mumbled words.
Something tries to affect you, but you resist.
You bump into the rock wall.
Something hits you.
* * * LOW HITPOINT WARNING * * *
You barely miss something.
You hear some strange, mumbled words.
Something tries to affect you, but you resist.
You miss something.
You feel less confused.
You hear some strange, mumbled words.
A magic dart appears from out of thin air!
The magic dart hits you!
You die...

##.###..#..................#.#
####.......#.#####...###.####...#
......#....#.#.........#......#..
####.#.....#.#.#####.#.#.####.#.#
...........#.#.#.....#.#.# #.#.#
.....#...###.#.#.#####.#.# ###.#
.#......<....#.#.# #.#.######..
.#.....#.#####.#.# #.#........#
.#.###.#.#...#.#@# #.##########
.......#.#.#.#.#{## #...........
##..#..#.#.#.#..o.# ############
....#..#.#.#.#....#
###.#..#.#.#.#....#
....#..#.#.#.#....# ###
#####..#.#.#.#....###.# #
####.#.#.#...>..#.# #
#.#.#.#....#.#.#


You could see an orc.

Vanquished Creatures
  4 adders (D:2)
  An ooze (D:1)
  A worm (D:2)
  3 dart slugs
  4 orcs
  2 giant cockroaches (D:2)
  9 goblins
  4 hobgoblins
  4 jackals (D:1)
  A quokka (D:2)
  5 bats
  4 frilled lizards
  3 kobolds
  8 rats
53 creatures vanquished.

Notes
Turn   | Place    | Note
-------+----------+-------------------------------------------
     0 | D:1      | Karnivor the Troll Hunter began the quest for the Orb.
     0 | D:1      | Reached XP level 1. HP: 19/19 MP: 0/0
   144 | D:1      | Reached XP level 2. HP: 28/28 MP: 0/1
   151 | D:1      | Reached skill level 1 in Unarmed Combat
   363 | D:1      | Reached XP level 3. HP: 35/35 MP: 0/2
   643 | D:2      | Found a shadowy altar of Dithmenos.
   802 | D:2      | Reached XP level 4. HP: 16/42 MP: 1/3
  1657 | D:2      | Reached skill level 1 in Armour
  1664 | D:2      | HP: 2/42 [something (4)]
  1666 | D:2      | Killed from afar by an orc wizard

Vault maps used:
D:1:      minmay_arrival_wavy_path, minmay_vboxes
D:2:      grunt_dithmenos_smoke

Skill      XL: |  1  2  3  4 |
---------------+-------------+-----
Unarmed Combat | 1 2 |  2.4
Fighting       | 2 |  2.2
Dodging        | 2 |  2.1
Armour         | 1 |  1.0
Throwing       | |  3.9
Stealth        | |  0.3

Action                   |  1- 3 |  4- 6 || total
-------------------------+-------+-------++-------
Melee: Spear             |   109 |    67 ||   176
  Use: Scroll            |     6 |     1 ||     7
 Stab: Sleeping          |     2 |     1 ||     3
  Eat: Chunk             |    12 |     8 ||    20
Armor: Robe              |    24 |    16 ||    40
Dodge: Dodged            |    55 |    33 ||    88
